 Dungeon Crawl Stone Soup version 0.30-a0-567-gf7fd966b4a (webtiles) character file.

Game seed: 6042833841015709316

155 tilp the Covered (level 5, -4/46 HPs)
             Began as a Meteoran Fighter on Dec 28, 2022.
             Slain by an ogre
             ... wielding a +0 giant club
              (19 damage)
             ... on level 4 of the Dungeon.
             The game lasted 00:04:22 (681 turns).

tilp the Covered (Meteoran Fighter)                  Turns: 681, Time: 00:04:23

Health: -4/46      AC:  8    Str: 17    XL:     5   Next: 96%
Magic:  6/6        EV: 10    Int: 10    God:
Gold:   89         SH:  5    Dex: 15    Spells: 4/4 levels left

rFire   . . .      SeeInvis .    a - +0 long sword
rCold   . . .      Faith    .    c - +0 buckler
rNeg    + . .      Spirit   .    b - +0 scale mail
rPois   .          Reflect  .    (no helmet)
rElec   .          Harm     .    (no cloak)
rCorr   .          Rampage  .    l - +0 pair of gloves
Will    .....                    (no boots) Stlth
                                 (no amulet)
HPRegen 0.27/turn                h - ring of positive energy
MPRegen 0.10/turn                (no ring)

@: attractive, glowing
A: sense surroundings 1, otherworldly, glowing, explore regen
a: no special abilities


You were on level 4 of the Dungeon.
You visited 1 branch of the dungeon, and saw 5 of its levels.

You collected 89 gold pieces.

Inventory:

Hand Weapons
 a - a +0 long sword (weapon)
Missiles
 g - 16 poisoned darts (quivered)
Armour
 b - a +0 scale mail (worn)
 c - a +0 buckler (worn)
 l - a +0 pair of gloves (worn)
Jewellery
 h - a ring of positive energy (left hand)
Scrolls
 e - a scroll of silence {unknown}
 i - a scroll of immolation {unknown}
 k - a scroll of blinking {unknown}
 m - a scroll of identify {unknown}
 o - a scroll of acquirement {unknown}
Potions
 d - a potion of might
 j - a potion of magic {unknown}
 n - a potion of attraction


   Skills:
 + Level 3.9 Fighting
 + Level 3.3 Long Blades
 - Level 4.0 Armour
 * Level 3.4 Dodging
 + Level 1.3 Stealth
 - Level 4.0 Shields


You had 4 spell levels left.
You didn't know any spells.
Your spell library contained the following spells:

 Spells                   Type           Power      Damage    Failure   Level
 Beastly Appendage        Tmut           0%         N/A       85%         1
 Blink                    Tloc           0%         N/A       94%         2
 Momentum Strike          Conj/Tloc      0%         3d8       94%         2
 Wereblood                Tmut           0%         N/A       94%         2
 Lesser Beckoning         Tloc           0%         N/A       99%         3
 Spider Form              Tmut/Pois      0%         N/A       99%         3


Dungeon Overview and Level Annotations

Branches:
Dungeon (5/15) Zot: 2272
 Temple: D:4-7

Altars:


Innate Abilities, Weirdness & Mutations

You passively map a small area around you.
You are easily found by Zot.
You glow in the dark.
You regain HP and MP as you explore.


Message History

Press: ? - help, Q - select action Shift-Dir - straight line, f/p - ogre
Aim: an ogre, wielding a +0 giant club (74% to hit)
You throw a poisoned dart. The poisoned dart hits the ogre.
The ogre is poisoned.
The ogre closely misses you.
Unknown command.
You barely miss the ogre. You hit the ogre.
The ogre is lightly wounded.
The ogre hits you with a +0 giant club.
* * * LOW HITPOINT WARNING * * *
You slash the ogre!
The ogre is heavily wounded.
The ogre closely misses you.
You barely miss the ogre.
The ogre is heavily wounded.
The ogre looks more healthy.
The ogre hits you with a +0 giant club!
* * * LOW HITPOINT WARNING * * *
You hit the ogre.
The ogre is heavily wounded.
The ogre hits you with a +0 giant club.
* * * LOW HITPOINT WARNING * * *
Unknown command.
It was a potion of attraction.
You feel attractive to monsters.
Unknown command.
It was a potion of heal wounds.
You feel much better. You block the ogre's attack.
Unknown command.
You hit the ogre but do no damage.
The ogre is heavily wounded.
The ogre hits you with a +0 giant club!
* * * LOW HITPOINT WARNING * * *
You completely miss the ogre.
The ogre is heavily wounded.
The ogre completely misses you.
You hit the ogre but do no damage.
The ogre is heavily wounded.
The ogre hits you with a +0 giant club!!
You die...

#...#......# * # ....#*#...
,#.#.....##.# ,.###..*#... ..
##.....#(.. *...*..##..##... .
#.........# ...# #.....#.... ,
....###.........###..........
#... ....#..#...#.#..........
....#(# #...............
.##.##, ,#..O##...............
..... ###...@................
,
.......................#.....
, ,
#...##.....)............[.##
*##......#............†......#
*#........................##.#
##......##.##.............#..
#.......#...>............<##.
*
##........##..........##...#.
###..............>....#...##


You could see an ogre.

Vanquished Creatures
  A scorpion (D:5)
  5 adders (D:3)
  A worm (D:2)
  A dart slug (D:3)
  3 orcs (D:3)
  2 bats
  6 endoplasms
  3 giant cockroaches
  3 goblins
  2 hobgoblins
  2 jackals (D:1)
  4 quokkas
  5 ball pythons
  5 kobolds
  2 rats
45 creatures vanquished.

Notes
Turn   | Place    | Note
-------+----------+-------------------------------------------
     0 | D:1      | tilp the Meteoran Fighter began the quest for the Orb.
     0 | D:1      | Reached XP level 1. HP: 19/19 MP: 2/2
    48 | D:1      | Reached skill level 1 in Dodging
    48 | D:1      | Reached XP level 2. HP: 25/26 MP: 3/3
   188 | D:2      | Reached XP level 3. HP: 28/31 MP: 4/4
   247 | D:3      | Reached XP level 4. HP: 38/38 MP: 5/5
   488 | D:4      | Reached skill level 1 in Stealth
   490 | D:4      | Reached XP level 5. HP: 41/46 MP: 6/6
   509 | D:4      | Noticed an ogre
   576 | D:5      | Entered Level 5 of the Dungeon
   579 | D:5      | Noticed an ogre
   676 | D:4      | HP: 1/46 [ogre/+0 giant club (2)]
   681 | D:4      | Slain by an ogre

Illustrated notes

Levels and vault maps discovered:
D:1:      reono_arrival_mine, layout_basic
D:2:      layout_loops_ring, shapermc_ecumenical_altar_ellora, uniq_jessica
D:3:      layout_rooms
D:4:      layout_cave_pools, chequers_serial_rivers_room_b, uniq_duvessa,
          uniq_grinder
D:5:      layout_cave_pools, nicolae_overflow_hidden_temple,
          amcnicky_altar_gilded, old_standard_altar,
          minmay_temple_entry_crystal_x, minmay_ogre_servants

Skill      XL: |  1  2  3  4  5 |
---------------+----------------+-----
Dodging        | 1 2 3 |  3.4
Armour         | 4 |  4.0
Shields        | 4 |  4.0
Stealth        | 1 |  1.3
Long Blades    | 3 |  3.3
Fighting       | |  3.9

Action                   |  1- 3 |  4- 6 || total
-------------------------+-------+-------++-------
Melee: Long sword        |    50 |    96 ||   146
Throw: Dart              |     1 |     6 ||     7
  Use: Potion            |       |     2 ||     2
Armor: Scale mail        |    25 |    52 ||    77
Dodge: Dodged            |    18 |    38 ||    56
Block: Buckler           |    16 |    33 ||    49

Table legend: (Time is in decaauts)
 A = Elapsed time spent in this place.
 B = Non-inter-level travel time spent in this place.
 C = Inter-level travel time spent in this place.
 D = Time resting spent in this place.
 E = Time spent auto-exploring this place.
 F = Levels seen in this place.
 G = Mean time per level.
                   A        B        C        D        E       F      G
               +--------+--------+--------+--------+--------+-----+--------+
         Total |    726 |    679 |     47 |      0 |      0 |   5 |  145.2 |
       Dungeon |    726 |    679 |     47 |      0 |      0 |   5 |  145.2 |
               +--------+--------+--------+--------+--------+-----+--------+

Top non-repeatable levels by time:
     D:3: 342 daAuts
     D:4: 168 daAuts
     D:1: 101 daAuts
     D:2: 78 daAuts
     D:5: 36 daAuts
